[Event "December 5 Early 2023"]
[Site "https://www.chess.com"]
[Date "2023.12.05"]
[Round "9"]
[White "Ozates, Tuna"]
[Black "Aradhya, Garg"]
[Result "1/2-1/2"]
[Board "62"]
[TimeControl "180+1"]
[WhiteFideId "6354521"]
[BlackFideId "25006746"]
[WhiteElo "2542"]
[BlackElo "2699"]
[WhiteTeam "TUR"]
[BlackTeam "IND"]
[WhiteClock "0:00:04"]
[BlackClock "0:00:18"]

1. e4 e5 2. Nf3 Nc6 3. Bc4 Nf6 4. d3 Bc5 5. c3 O-O 6. Nbd2 a5 7. O-O d6 8. h3 h6 9. Re1 Be6 10. Bb5 Nd7 11. Nf1 d5 12. exd5 Bxd5 13. Ne3 Bxe3 14. Bxe3 Re8 15. c4 Be6 16. d4 exd4 17. Nxd4 Nxd4 18. Bxd4 c6 19. Ba4 Bxc4 20. Rxe8+ Qxe8 21. Bxg7 Kxg7 22. Qg4+ Kh8 23. Qxc4 Qe7 24. Rd1 Re8 25. Qc3+ Nf6 26. Qxa5 Qe2 27. Qf5 Kg7 28. Rd3 Qxb2 29. Rg3+ Kf8 30. Qf4 Qa1+ 31. Kh2 Qe5 32. Qxh6+ Ke7 33. f4 Qd6 34. Qh4 Kd7 35. Bb3 Re7 36. Bc4 Re4 37. Bxf7 Rxf4 38. Qh8 Ne4 39. Be6+ Kc7 40. Qg7+ Kb6 41. Qb2+ Kc7 42. Qg7+ Kb6 43. Qb2+ Kc7 44. Qg7+ 1/2-1/2

[Event "December 5 Early 2023"]
[Site "https://www.chess.com"]
[Date "2023.12.05"]
[Round "9"]
[White "Devaev, Alexander"]
[Black "Arabidze, Meri"]
[Result "0-1"]
[Board "63"]
[TimeControl "180+1"]
[WhiteFideId "4169395"]
[BlackFideId "13604040"]
[WhiteElo "2527"]
[BlackElo "2696"]
[WhiteTeam "RUS"]
[BlackTeam "GEO"]
[WhiteClock "0:00:00"]
[BlackClock "0:01:00"]

1. d4 Nf6 2. c4 e6 3. Nc3 Bb4 4. e3 O-O 5. Bd3 Re8 6. Ne2 b6 7. a3 Bf8 8. Qc2 Bb7 9. O-O h6 10. e4 d6 11. f4 e5 12. h3 Nbd7 13. fxe5 dxe5 14. d5 Nc5 15. b4 Nxd3 16. Qxd3 a5 17. Rb1 axb4 18. axb4 c6 19. Be3 b5 20. Rbd1 Ra3 21. c5 cxd5 22. exd5 Nxd5 23. Qf5 Qf6 24. Qc2 Qe6 25. Bc1 Nxb4 26. Qb2 Rb3 27. Qd2 Bxc5+ 28. Kh1 e4 29. Nf4 e3 30. Nxe6 exd2 31. Nxc5 Rxc3 0-1

[Event "December 5 Early 2023"]
[Site "https://www.chess.com"]
[Date "2023.12.05"]
[Round "9"]
[White "Shyam, Sundar M."]
[Black "Tan, Jonathan"]
[Result "0-1"]
[Board "64"]
[TimeControl "180+1"]
[WhiteFideId "5019141"]
[BlackFideId "5200482"]
[WhiteElo "2666"]
[BlackElo "2526"]
[WhiteTeam "IND"]
[BlackTeam "PHI"]
[WhiteClock "0:00:31"]
[BlackClock "0:00:41"]

1. e4 g6 2. d4 Bg7 3. Nc3 c6 4. h3 d5 5. Nf3 Nf6 6. e5 Ne4 7. Nxe4 dxe4 8. Ng5 c5 9. c3 cxd4 10. Qxd4 Qc7 11. Qc4 Qxc4 12. Bxc4 O-O 13. Bf4 Nc6 14. e6 f5 15. O-O-O Ne5 16. Bxe5 Bxe5 17. Nf7 Bf4+ 18. Kc2 b5 19. Bd5 Rb8 20. g3 Bc7 21. h4 Rb6 22. h5 Bxe6 23. hxg6 hxg6 24. Ng5 Bxd5 25. Rxd5 Bd6 26. Ne6 Rc8 27. Rh6 Kf7 28. Ng5+ Kf6 29. Nh3 b4 30. Nf4 Bxf4 31. gxf4 bxc3 32. bxc3 Rbc6 33. Rh3 Ra6 34. Kb2 Rb8+ 35. Ka1 Rab6 36. Rh1 Rb2 37. Rf1 Rc2 38. Ra5 Rb7 39. Ra6+ e6 40. Ra3 Rc7 41. Kb1 R2xc3 42. Rxc3 Rxc3 43. Rd1 Rf3 0-1

[Event "December 5 Early 2023"]
[Site "https://www.chess.com"]
[Date "2023.12.05"]
[Round "9"]
[White "Rietze, Clemens, Dr."]
[Black "Souleidis, Georgios"]
[Result "1-0"]
[Board "65"]
[TimeControl "180+1"]
[WhiteFideId "24620351"]
[BlackFideId "4206827"]
[WhiteElo "2526"]
[BlackElo "2662"]
[WhiteTeam "GER"]
[BlackTeam "GRE"]
[WhiteClock "0:00:12"]
[BlackClock "0:00:00"]

1. d4 Nf6 2. c4 g6 3. f3 Bg7 4. e4 d6 5. Nc3 O-O 6. Be3 a6 7. Bd3 c6 8. a4 a5 9. Qd2 Na6 10. Rd1 Nb4 11. Bb1 Qc7 12. Nge2 e5 13. O-O Be6 14. d5 cxd5 15. exd5 Bd7 16. b3 Ne8 17. f4 Bg4 18. h3 Bxe2 19. Nxe2 exf4 20. Bxf4 Nf6 21. Nd4 Nh5 22. Nb5 Qb6+ 23. Be3 Qd8 24. Bg5 f6 25. Bh6 Qd7 26. Rde1 Rae8 27. Nd4 Ng3 28. Rxe8 Rxe8 29. Rf3 Ne4 30. Bxe4 Rxe4 31. Bxg7 Qxg7 32. Ne6 Qe7 33. Re3 Rxe3 34. Qxe3 f5 35. Qd4 Nc2 36. Qc3 Nb4 37. Kh2 b6 38. Qd4 Nc2 39. Qxb6 f4 40. Qb8+ Kf7 41. Qh8 g5 42. Qxh7+ Kf6 43. Qh6+ Kf5 44. Qh7+ Ke5 45. Qxe7 1-0

[Event "December 5 Early 2023"]
[Site "https://www.chess.com"]
[Date "2023.12.05"]
[Round "9"]
[White "Vlassov, Nikolai"]
[Black "Eugene, Floryan"]
[Result "1-0"]
[Board "66"]
[TimeControl "180+1"]
[WhiteFideId "4103360"]
[BlackFideId "20694784"]
[WhiteElo "2657"]
[BlackElo "2520"]
[WhiteTeam "FID"]
[BlackTeam "FRA"]
[WhiteClock "0:01:12"]
[BlackClock "0:00:21"]

1. e4 c5 2. c3 d5 3. exd5 Qxd5 4. d4 Nf6 5. Nf3 Bg4 6. dxc5 Qxd1+ 7. Kxd1 e5 8. b4 Nc6 9. h3 O-O-O+ 10. Kc2 Bf5+ 11. Kb2 Ne4 12. Be3 f6 13. Nbd2 a5 14. a3 Be7 15. Bb5 Rd7 16. Bxc6 bxc6 17. Nc4 axb4 18. axb4 Kb7 19. Ra3 Be6 20. Nb6 Rb8 21. Rha1 Kc7 22. Ra7+ Rb7 23. Nxd7 Bxd7 24. Nd2 Nxd2 25. Bxd2 f5 26. c4 Be6 27. Bc3 Bf6 28. b5 Bxc4 29. b6+ Kc8 30. Ra8+ Rb8 31. R1a7 Rxa8 32. b7+ 1-0

[Event "December 5 Early 2023"]
[Site "https://www.chess.com"]
[Date "2023.12.05"]
[Round "9"]
[White "Krzywda, Andrzej"]
[Black "Timerkhanov, Alexander"]
[Result "0-1"]
[Board "67"]
[TimeControl "180+1"]
[WhiteFideId "1114565"]
[BlackFideId "24177938"]
[WhiteElo "2516"]
[BlackElo "2650"]
[WhiteTeam "POL"]
[BlackTeam "RUS"]
[WhiteClock "0:00:00"]
[BlackClock "0:00:30"]

1. e4 c6 2. d4 d5 3. e5 Bf5 4. h4 h5 5. Bd3 Bxd3 6. Qxd3 e6 7. Nf3 Nd7 8. O-O Ne7 9. c3 Nf5 10. g3 Be7 11. Re1 c5 12. Nbd2 O-O 13. Nf1 cxd4 14. Nxd4 Nc5 15. Qe2 g6 16. Nxf5 exf5 17. Be3 Ne6 18. Rad1 Qa5 19. a3 Rfd8 20. Qf3 Qb5 21. Rd2 Rd7 22. Red1 Rad8 23. Bd4 Bf8 24. Qe3 b6 25. Nh2 f4 26. gxf4 Bh6 27. Qf3 Bxf4 28. Re2 Qb3 29. Rd3 Qc4 30. Nf1 Bh6 31. Be3 Bxe3 32. Rdxe3 Qxh4 33. Ng3 d4 34. Rd3 dxc3 35. Rxd7 Rxd7 36. Qxc3 Nf4 37. Rd2 Qh3 38. Qc8+ Kh7 0-1

[Event "December 5 Early 2023"]
[Site "https://www.chess.com"]
[Date "2023.12.05"]
[Round "9"]
[White "Reprintsev, Alexander"]
[Black "Moksh Amit Doshi"]
[Result "0-1"]
[Board "68"]
[TimeControl "180+1"]
[WhiteFideId "14100541"]
[BlackFideId "25064967"]
[WhiteElo "2497"]
[BlackElo "2642"]
[WhiteTeam "UKR"]
[BlackTeam "IND"]
[WhiteClock "0:00:32"]
[BlackClock "0:00:48"]

1. e4 e5 2. Nf3 Nc6 3. Bc4 Bc5 4. b4 Bxb4 5. c3 Ba5 6. d4 d6 7. Qb3 Qd7 8. O-O Bb6 9. Nbd2 Na5 10. Qc2 Ne7 11. dxe5 O-O 12. exd6 Qxd6 13. e5 Qg6 14. Bd3 Bf5 15. Ne4 Qh5 16. Ng3 Bxd3 17. Qxd3 Qg6 18. Qe2 Rfe8 19. Be3 Bxe3 20. Qxe3 Nec6 21. Rfe1 Rad8 22. Rad1 Rxd1 23. Rxd1 Nc4 24. Qc5 Qc2 25. Qd5 h6 26. Qd3 Qxa2 27. h3 N4xe5 28. Nxe5 Nxe5 29. Qb5 Nc6 30. Qxb7 Qc4 31. Qxc7 Qxc3 32. Rd6 Qe1+ 33. Kh2 Ne5 34. Qxa7 Rc8 35. f4 Rc3 36. Qa4 Qxg3+ 0-1

[Event "December 5 Early 2023"]
[Site "https://www.chess.com"]
[Date "2023.12.05"]
[Round "9"]
[White "Ljukin, Sergei"]
[Black "Gontcharov, Vladislav"]
[Result "0-1"]
[Board "69"]
[TimeControl "180+1"]
[WhiteFideId "14102200"]
[BlackFideId "4123492"]
[WhiteElo "2490"]
[BlackElo "2640"]
[WhiteTeam "UKR"]
[BlackTeam "RUS"]
[WhiteClock "0:00:00"]
[BlackClock "0:00:35"]

1. e4 e6 2. d4 d5 3. Nc3 Nc6 4. Nf3 Nf6 5. e5 Ne4 6. a3 Nxc3 7. bxc3 Na5 8. Bd3 c5 9. dxc5 Bxc5 10. O-O h6 11. Nd4 Nc6 12. Nxc6 bxc6 13. Kh1 O-O 14. Bf4 f5 15. exf6 Qxf6 16. Bg3 e5 17. f3 Bf5 18. c4 Rad8 19. cxd5 cxd5 20. Qe1 Rfe8 21. Qa5 Bb6 22. Qb5 Qg6 23. a4 e4 24. fxe4 Bxe4 25. a5 Bd4 26. Rad1 Kh7 27. Bxe4 Rxe4 28. c3 Bxc3 29. Rxd5 a6 30. Qb7 Rxd5 31. Qxd5 Ra4 32. Be1 Ra1 0-1

[Event "December 5 Early 2023"]
[Site "https://www.chess.com"]
[Date "2023.12.05"]
[Round "9"]
[White "Jakubowski, Krzysztof"]
[Black "Mestnikov, Aisen"]
[Result "1-0"]
[Board "70"]
[TimeControl "180+1"]
[WhiteFideId "1112848"]
[BlackFideId "34130117"]
[WhiteElo "2635"]
[BlackElo "2474"]
[WhiteTeam "POL"]
[BlackTeam "RUS"]
[WhiteClock "0:00:36"]
[BlackClock "0:00:00"]

1. e4 e5 2. Nf3 Nc6 3. Bc4 Bc5 4. O-O Nf6 5. d3 d6 6. c3 a5 7. a4 Ba7 8. Na3 h6 9. h3 O-O 10. Re1 Be6 11. Qb3 Qc8 12. Be3 Ne7 13. Bxa7 Rxa7 14. d4 Ng6 15. Bxe6 fxe6 16. dxe5 dxe5 17. Nc4 Nd7 18. Rad1 Ra6 19. Re3 Rc6 20. Nxa5 Ra6 21. Nc4 Nc5 22. Qc2 Rxa4 23. b4 Qa8 24. Nb2 Ra2 25. bxc5 Qa3 26. Rb1 Rd8 27. Kh2 Qxc5 28. Qb3 Ra6 29. Nd3 Qc6 30. Nb4 1-0

[Event "December 5 Early 2023"]
[Site "https://www.chess.com"]
[Date "2023.12.05"]
[Round "9"]
[White "Bodnar, Nikolay"]
[Black "Mizzi, Jack"]
[Result "1-0"]
[Board "71"]
[TimeControl "180+1"]
[WhiteFideId "14106469"]
[BlackFideId "5602521"]
[WhiteElo "2631"]
[BlackElo "2464"]
[WhiteTeam "UKR"]
[BlackTeam "MLT"]
[WhiteClock "0:00:14"]
[BlackClock "0:00:00"]

1. c4 e5 2. g3 f5 3. Bg2 Nf6 4. d4 e4 5. Bg5 d5 6. cxd5 Qxd5 7. Bxf6 gxf6 8. Nc3 Bb4 9. e3 c5 10. Qh5+ Qf7 11. Qxf7+ Kxf7 12. Ne2 Nc6 13. O-O-O cxd4 14. exd4 Bd7 15. a3 Bxc3 16. Nxc3 Rac8 17. f3 exf3 18. Bxf3 Rhd8 19. Rhe1 b5 20. Kb1 b4 21. axb4 Nxb4 22. Rd2 a5 23. Rde2 a4 24. Nd5 Nxd5 25. Bxd5+ Kg6 26. Rd2 Bb5 27. Be6 Bd7 28. Bxd7 Rxd7 29. d5 Rc5 30. Red1 Kg5 31. Rd4 h5 32. R1d2 Ra5 33. d6 Kg6 34. Ka2 Kf7 35. Ka3 Ke6 36. Rxa4 Rb5 37. Ra6 Re5 38. b4 f4 39. gxf4 Re4 40. b5 Rxf4 41. Rc6 h4 42. b6 Rf1 43. b7 Rb1 44. Re2+ Kf7 45. Rc7 Rxb7 46. Rxb7 Rxb7 47. Re4 h3 48. Re3 Rd7 49. Rd3 Ke6 50. Kb3 Rxd6 51. Rxh3 Kf5 52. Kc3 Kg4 53. Rg3+ Kh4 54. Rg6 Kh5 55. Rg1 Kh4 56. Rf1 Kg5 57. Kc4 Rd2 58. h4+ 1-0

[Event "December 5 Early 2023"]
[Site "https://www.chess.com"]
[Date "2023.12.05"]
[Round "9"]
[White "Jovic, Stanoje"]
[Black "Toman, Ondrej"]
[Result "1-0"]
[Board "72"]
[TimeControl "180+1"]
[WhiteFideId "905020"]
[BlackFideId "344516"]
[WhiteElo "2472"]
[BlackElo "2593"]
[WhiteTeam "SRB"]
[BlackTeam "CZE"]
[WhiteClock "0:00:14"]
[BlackClock "0:00:00"]

1. c4 e5 2. g3 Nf6 3. Bg2 c6 4. d4 exd4 5. Qxd4 Bb4+ 6. Bd2 Bxd2+ 7. Nxd2 O-O 8. Ngf3 Qb6 9. c5 Qc7 10. O-O b6 11. b4 Ne8 12. Nc4 Ba6 13. Nd6 Qd8 14. Rfe1 Nc7 15. e4 Ne6 16. Qe3 Bc8 17. Rec1 Na6 18. a3 Qe7 19. e5 f6 20. exf6 Rxf6 21. Nd4 bxc5 22. bxc5 Naxc5 23. N4f5 Qf8 24. Rxc5 Nxc5 25. Qxc5 Rxf5 26. Qc4+ Kh8 27. Nxf5 Qxf5 28. Re1 Qf8 29. Qc5 Ba6 30. Qa5 Bc4 31. Qc7 Bd5 32. Bxd5 cxd5 33. Qxd7 Rd8 34. Qxa7 d4 35. Qe7 Qg8 36. Rd1 h6 37. Rd3 Qd5 38. Qe1 Rc8 39. Qd1 Qg5 40. Kg2 1-0

[Event "December 5 Early 2023"]
[Site "https://www.chess.com"]
[Date "2023.12.05"]
[Round "9"]
[White "Dyachuk, Artem"]
[Black "Tymrakiewicz, Rafal"]
[Result "1-0"]
[Board "73"]
[TimeControl "180+1"]
[WhiteFideId "34107924"]
[BlackFideId "1108832"]
[WhiteElo "2587"]
[BlackElo "2427"]
[WhiteTeam "UKR"]
[BlackTeam "POL"]
[WhiteClock "0:00:20"]
[BlackClock "0:00:00"]

1. e4 Nf6 2. e5 Nd5 3. d4 d6 4. c4 Nb6 5. f4 dxe5 6. fxe5 c5 7. d5 e6 8. Nc3 exd5 9. cxd5 c4 10. Be2 Bb4 11. Bf3 O-O 12. Ne2 Re8 13. Bf4 g5 14. Bg3 g4 15. Be4 f5 16. Bc2 Nxd5 17. Qc1 Bc5 18. Nxd5 Qxd5 19. Qg5+ Kh8 20. Qf6+ Kg8 21. Rd1 Qe6 22. Qg5+ Qg6 23. Qd2 Qf7 24. Rf1 Nc6 25. Bxf5 Bxf5 26. Qg5+ Qg6 27. Rxf5 Bb4+ 28. Kf1 Rf8 29. Qxg6+ hxg6 30. Rf6 Rxf6+ 31. exf6 Kf7 32. Bh4 Rd8 33. Rc1 b5 34. Ng3 Ne5 35. Ne4 Rd4 36. Ng5+ Kf8 37. Ne6+ Kf7 38. Nxd4 Bc5 39. Bf2 Nd3 40. Rd1 Nxb2 41. Rd2 c3 42. Rc2 b4 43. Nc6 Bxf2 44. Kxf2 1-0

[Event "December 5 Early 2023"]
[Site "https://www.chess.com"]
[Date "2023.12.05"]
[Round "9"]
[White "Kiremitciyan, Ari"]
[Black "Truskavetsky, Alexandr"]
[Result "0-1"]
[Board "74"]
[TimeControl "180+1"]
[WhiteFideId "6373445"]
[BlackFideId "14108577"]
[WhiteElo "2425"]
[BlackElo "2577"]
[WhiteTeam "TUR"]
[BlackTeam "RUS"]
[WhiteClock "0:00:00"]
[BlackClock "0:00:10"]

1. e4 c5 2. Nf3 Nc6 3. Bb5 g6 4. Bxc6 dxc6 5. d3 Bg7 6. Nc3 e5 7. Be3 b6 8. h3 f6 9. Qc1 Be6 10. b3 Qd7 11. a4 Ne7 12. Bh6 O-O 13. Bxg7 Kxg7 14. Qe3 a5 15. O-O g5 16. Ne2 Ng6 17. Nh2 Rg8 18. Ng3 Nf4 19. Qf3 Kh8 20. Ng4 Raf8 21. Ne3 g4 22. hxg4 Bxg4 23. Nxg4 Rxg4 24. Nf5 Rxg2+ 25. Qxg2 Nxg2 26. Kxg2 Rg8+ 27. Kf3 Qf7 28. Rh1 Qg6 29. Rh6 Qg4+ 30. Ke3 Qf4+ 31. Ke2 Rg6 32. Rh4 Rg4 33. Rh6 Rg2 34. Rf1 Qg4+ 35. Ke3 Qg5+ 36. Ke2 Qg4+ 37. Ke3 Qf4+ 38. Ke2 Rg6 39. Rh4 Rg4 40. Rh6 Rg2 41. Rh4 Qg5 42. Rfh1 Kg8 43. Rxh7 Qg4+ 44. Kf1 Qd1+ 45. Kxg2 Qg4+ 46. Ng3 b5 47. Rh8+ Kf7 48. R1h7+ Ke6 49. Re8+ Kd6 50. Rd8+ Ke6 51. Rdd7 f5 52. Rh6+ Kxd7 53. exf5 c4 54. dxc4 bxa4 55. bxa4 Qxc4 56. f6 Qxa4 57. f3 Qf4 58. Rg6 Qd2+ 59. Kh3 Qxc2 60. Kg4 Qxg6+ 0-1

[Event "December 5 Early 2023"]
[Site "https://www.chess.com"]
[Date "2023.12.05"]
[Round "9"]
[White "Buchenau, Frank"]
[Black "Tologon tegin, Semetei"]
[Result "0-1"]
[Board "75"]
[TimeControl "180+1"]
[WhiteFideId "4604350"]
[BlackFideId "13800574"]
[WhiteElo "2401"]
[BlackElo "2575"]
[WhiteTeam "GER"]
[BlackTeam "KGZ"]
[WhiteClock "0:00:11"]
[BlackClock "0:00:10"]

1. e4 Nf6 2. e5 Nd5 3. d4 d6 4. Nf3 dxe5 5. Nxe5 g6 6. Bc4 Bg7 7. O-O O-O 8. Re1 c6 9. c3 Nd7 10. Nf3 N7f6 11. h3 Bf5 12. Nbd2 b5 13. Bb3 Qc7 14. Ne5 h6 15. Nf1 g5 16. Ng3 Bg6 17. Bc2 Bxc2 18. Qxc2 e6 19. Qe2 a6 20. a4 Nd7 21. Nxd7 Qxd7 22. Nh5 Rae8 23. h4 f6 24. axb5 axb5 25. hxg5 hxg5 26. Bd2 e5 27. Qd3 exd4 28. Qxd4 Qf7 29. Nxg7 Qxg7 30. c4 bxc4 31. Qxc4 Qd7 32. Qd4 Rxe1+ 33. Bxe1 Re8 34. Bd2 Kf7 35. Qd3 Kg7 36. Be3 Re7 37. Bc5 Rf7 38. b4 Qg4 39. f3 Qg3 40. Qe4 Nf4 41. Ra2 Rd7 42. Qb1 Nh3+ 43. Kf1 Nf4 44. Qe1 Qh2 45. Bg1 Qh1 46. Rd2 Rf7 47. Rc2 Rd7 48. Rxc6 Qxg2# 0-1

[Event "December 5 Early 2023"]
[Site "https://www.chess.com"]
[Date "2023.12.05"]
[Round "9"]
[White "Gruzman, Ilya"]
[Black "Iskusnyh, Sergei"]
[Result "0-1"]
[Board "76"]
[TimeControl "180+1"]
[WhiteFideId "2812703"]
[BlackFideId "4120027"]
[WhiteElo "2344"]
[BlackElo "2556"]
[WhiteTeam "ISR"]
[BlackTeam "RUS"]
[WhiteClock "0:00:09"]
[BlackClock "0:00:29"]

1. d4 d5 2. c4 c6 3. Nf3 Nf6 4. e3 a6 5. Nc3 e6 6. cxd5 exd5 7. Bd3 Bd6 8. O-O O-O 9. Ne5 c5 10. f4 Nc6 11. h3 Qb6 12. dxc5 Bxc5 13. Nxc6 Bxe3+ 14. Kh1 bxc6 15. Bxe3 Qxe3 16. Rc1 Bd7 17. Rf3 Qe7 18. Qd2 Rfe8 19. Rff1 a5 20. Rce1 Qb4 21. a3 Qb3 22. Bc2 Qb6 23. Bd3 g6 24. f5 Rxe1 25. Rxe1 Re8 26. Rxe8+ Bxe8 27. Bb1 Bd7 28. Qg5 Qd4 29. fxg6 hxg6 30. Qg3 Kg7 31. Qe1 Be6 32. Bc2 c5 33. Na4 Qf4 34. Nxc5 Bc8 35. b4 axb4 36. axb4 Nh5 37. Qa1+ Kh7 38. Nd3 Qd2 39. Qf1 Ng3+ 0-1

[Event "December 5 Early 2023"]
[Site "https://www.chess.com"]
[Date "2023.12.05"]
[Round "9"]
[White "Galchenko, Matvey"]
[Black "Zivic, Dragan"]
[Result "1-0"]
[Board "77"]
[TimeControl "180+1"]
[WhiteFideId "24175480"]
[BlackFideId "904740"]
[WhiteElo "2914"]
[BlackElo "2360"]
[WhiteTeam "FID"]
[BlackTeam "SRB"]
[WhiteClock "0:00:37"]
[BlackClock "0:00:26"]

1. e4 c6 2. d4 d5 3. e5 Bf5 4. g4 Be4 5. f3 Bg6 6. e6 h5 7. h4 hxg4 8. Bd3 Bxd3 9. exf7+ Kxf7 10. Qxd3 Nf6 11. fxg4 Qd6 12. Nc3 e5 13. dxe5 Qxe5+ 14. Nge2 Bd6 15. Bf4 Qe6 16. Bxd6 Qxd6 17. g5 Nh5 18. O-O-O Kg8 19. Qf5 Nd7 20. Nxd5 cxd5 21. Rxd5 Qe7 22. Rxd7 Qxe2 23. Qd5+ Kh7 24. g6+ Kxg6 25. Rg1+ Kh7 26. Qf5+ Kh6 27. Qg6# 1-0

[Event "December 5 Early 2023"]
[Site "https://www.chess.com"]
[Date "2023.12.05"]
[Round "9"]
[White "Pakleza, Zbigniew"]
[Black "Tikhonov, Viacheslav"]
[Result "1-0"]
[Board "78"]
[TimeControl "180+1"]
[WhiteFideId "1119290"]
[BlackFideId "44196407"]
[WhiteElo "2684"]
[BlackElo "2502"]
[WhiteTeam "POL"]
[BlackTeam "RUS"]
[WhiteClock "0:00:19"]
[BlackClock "0:00:21"]

1. d4 Nf6 2. Nf3 g6 3. Bf4 Bg7 4. e3 c5 5. c3 b6 6. Bc4 Bb7 7. dxc5 O-O 8. cxb6 Qxb6 9. Qb3 d5 10. Qxb6 axb6 11. Be2 Nc6 12. Nbd2 Ne4 13. Bc7 Na5 14. O-O Nc4 15. Nxc4 dxc4 16. Bxb6 Bd5 17. Rfd1 e6 18. Bd4 f6 19. Nd2 Nxd2 20. Rxd2 Ra4 21. Bc5 Rfa8 22. a3 Bf8 23. Bxf8 Kxf8 24. f3 f5 25. Kf2 Rb8 26. h4 Ke7 27. g4 Rf8 28. Kg3 f4+ 29. exf4 Ra7 30. Rd4 Rc7 31. Re1 Rb8 32. Bd1 Kd6 33. Re2 Rcb7 34. Rdd2 Rb6 35. f5 gxf5 36. gxf5 exf5 37. Kf4 Rf8 38. Re5 Rb5 39. Be2 Rc5 40. Rd4 Kc6 41. Bd1 Kd6 42. Bc2 Kc6 43. a4 Bg8 44. Rxc5+ Kxc5 45. Rd2 Rb8 46. Bxf5 h6 47. Re2 Bf7 48. Re7 Bh5 49. Re5+ Kd6 50. Rb5 Ra8 51. Rb4 Bf7 52. Be4 Ra7 53. Ke3 Kc5 54. Rb5+ Kd6 55. a5 Kc7 56. a6 Be6 57. Rb7+ Rxb7 58. axb7 Bh3 59. f4 Bg4 60. Kd4 Be6 61. Ke5 Bf7 62. Kf6 Bh5 63. Kg7 Bg4 64. Kxh6 Be6 65. Kg5 Bd7 66. h5 Be6 67. h6 Bg8 68. Kf6 Kb8 69. Kg7 Bh7 70. Kxh7 Ka7 71. Kg6 Kb6 72. Kf5 Ka5 73. Ke5 Ka4 74. Kd4 Kb3 75. h7 Ka2 76. f5 Kxb2 77. f6 Kc1 78. Kxc4 Kd2 79. Kd4 Kc1 80. c4 Kd2 81. c5 Kc1 82. c6 Kd2 83. Ke5 Kc1 84. Bd5 Kd2 85. f7 Kc1 86. c7 Kd2 87. f8=Q Kd3 88. h8=Q Ke2 89. c8=Q Kd3 90. b8=Q Ke2 91. Qb2+ Kd3 92. Be4+ Ke3 93. Qcc3# 1-0

[Event "December 5 Early 2023"]
[Site "https://www.chess.com"]
[Date "2023.12.05"]
[Round "9"]
[White "Belov, Alexei"]
[Black "Kopczynski, Michal"]
[Result "0-1"]
[Board "79"]
[TimeControl "180+1"]
[WhiteFideId "4128206"]
[BlackFideId "1124200"]
[WhiteElo "2631"]
[BlackElo "2499"]
[WhiteTeam "RUS"]
[BlackTeam "POL"]
[WhiteClock "0:00:00"]
[BlackClock "0:01:09"]

1. e4 b6 2. d4 Bb7 3. Bd3 e6 4. Nf3 Nf6 5. Nbd2 d5 6. Qe2 c5 7. c3 Nc6 8. dxc5 Bxc5 9. O-O Qc7 10. h3 O-O-O 11. e5 Nd7 12. Re1 h6 13. b4 Be7 14. a4 g5 15. a5 g4 16. hxg4 Rdg8 17. axb6 axb6 18. Ba6 Rxg4 19. Bxb7+ Qxb7 20. g3 h5 21. b5 Na5 22. Nd4 Bc5 23. Nf1 Rhg8 24. Be3 h4 25. f3 R4g6 26. g4 Nxe5 27. Nc6 Nexc6 28. Bxc5 Nb8 29. Bd4 Nd7 30. Nh2 e5 31. Bf2 e4 32. fxe4 Ne5 0-1

[Event "December 5 Early 2023"]
[Site "https://www.chess.com"]
[Date "2023.12.05"]
[Round "9"]
[White "Skliarov, Viktor"]
[Black "Sreyas Payyappat"]
[Result "1/2-1/2"]
[Board "81"]
[TimeControl "180+1"]
[WhiteFideId "14106736"]
[BlackFideId "46674969"]
[WhiteElo "2614"]
[BlackElo "2496"]
[WhiteTeam "UKR"]
[BlackTeam "IND"]
[WhiteClock "0:00:07"]
[BlackClock "0:00:13"]

1. e4 c6 2. Nc3 d5 3. Nf3 dxe4 4. Nxe4 Nf6 5. Nxf6+ exf6 6. d4 Bd6 7. Bd3 O-O 8. O-O Re8 9. h3 Nd7 10. c3 Nf8 11. Re1 Be6 12. Be3 Bc7 13. Qd2 Bd5 14. Be2 Qd6 15. c4 Bxf3 16. Bxf3 Qh2+ 17. Kf1 Ng6 18. g3 Qxh3+ 19. Bg2 Qg4 20. Qd1 Qe6 21. d5 cxd5 22. Qxd5 Qg4 23. Qxb7 Qxc4+ 24. Kg1 Rab8 25. Rac1 Qxc1 26. Rxc1 Rxb7 27. Bxb7 Bxg3 28. Bxa7 Bf4 29. Rc8 Rxc8 30. Bxc8 Kf8 31. a4 Ke7 32. Bb6 Ne5 33. b3 Nd7 34. Bd4 Bd2 35. Bb7 h5 36. Bf3 h4 37. Kf1 f5 38. Ke2 Bb4 39. Bxg7 h3 40. Bd4 Ke6 41. Bc6 Kd6 42. Bb7 Ne5 43. f4 Ng6 44. Kf3 Bd2 45. Kg3 Nxf4 46. Bg1 Ke5 47. a5 Be1+ 48. Kf3 Bxa5 49. Bh2 Bd2 50. b4 Kd4 51. Bxf4 Bxf4 52. Kxf4 Kc4 53. Kxf5 Kxb4 54. Kg4 Kc4 55. Kxh3 f5 56. Kg3 f4+ 57. Kxf4 1/2-1/2

[Event "December 5 Early 2023"]
[Site "https://www.chess.com"]
[Date "2023.12.05"]
[Round "9"]
[White "Herman, Matthew"]
[Black "Espinoza Villanueva, Rodrigo"]
[Result "0-1"]
[Board "82"]
[TimeControl "180+1"]
[WhiteFideId "2028964"]
[BlackFideId "5140188"]
[WhiteElo "2494"]
[BlackElo "2596"]
[WhiteTeam "USA"]
[BlackTeam "MEX"]
[WhiteClock "0:00:23"]
[BlackClock "0:01:23"]

1. e4 e5 2. Nf3 Nc6 3. Bc4 Bc5 4. d3 Nf6 5. c3 d6 6. a4 a6 7. Bg5 h6 8. Bh4 g5 9. Bg3 O-O 10. Nbd2 Ba7 11. a5 Qe7 12. Qb3 Nh5 13. Kd1 Nd8 14. Kc2 Ne6 15. Rad1 Bd7 16. Qa2 c6 17. h4 g4 18. Nh2 Nef4 19. Bxf4 Nxf4 20. g3 Nh3 21. f3 Nf2 22. fxg4 Nxd1 23. Rxd1 Qf6 24. Ndf3 Qg7 25. g5 Bf2 26. Ng4 Bxg4 0-1

[Event "December 5 Early 2023"]
[Site "https://www.chess.com"]
[Date "2023.12.05"]
[Round "9"]
[White "Jaiveer Mahendru"]
[Black "Mazurkiewicz, Michal"]
[Result "1-0"]
[Board "83"]
[TimeControl "180+1"]
[WhiteFideId "25611151"]
[BlackFideId "1124943"]
[WhiteElo "2592"]
[BlackElo "2492"]
[WhiteTeam "IND"]
[BlackTeam "POL"]
[WhiteClock "0:00:18"]
[BlackClock "0:00:00"]

1. f4 d5 2. Nf3 Nf6 3. g3 b5 4. Bg2 Bb7 5. O-O e6 6. d3 Bc5+ 7. Kh1 O-O 8. Qe1 Bb6 9. a3 c5 10. Nc3 a6 11. Nh4 Nc6 12. e4 Nd4 13. Rf2 dxe4 14. dxe4 e5 15. f5 Ng4 16. Rd2 Qf6 17. h3 Nh6 18. Nd1 g5 19. Nf3 Nxf3 20. Bxf3 Rad8 21. g4 Qe7 22. Ne3 f6 23. Nd5 Bxd5 24. Rxd5 Rxd5 25. exd5 Nf7 26. Be3 Nd6 27. b3 e4 28. Bg2 Qe5 29. Rd1 Rb8 30. h4 h6 31. Qf2 a5 32. Bxc5 Bxc5 33. Qxc5 Rd8 34. Qf2 b4 35. axb4 axb4 36. h5 Rc8 37. Kg1 Rc3 38. Qd4 Qg3 39. Qxf6 Qe3+ 40. Kh1 Qe2 41. Qg6+ Kf8 42. Qxd6+ Kf7 43. Qe6+ Kf8 44. Qf6+ Ke8 45. Qe5+ 1-0

[Event "December 5 Early 2023"]
[Site "https://www.chess.com"]
[Date "2023.12.05"]
[Round "9"]
[White "Lehtosaari, Mauri"]
[Black "Shubenkova, Veronika"]
[Result "0-1"]
[Board "84"]
[TimeControl "180+1"]
[WhiteFideId "501999"]
[BlackFideId "44124040"]
[WhiteElo "2488"]
[BlackElo "2585"]
[WhiteTeam "FIN"]
[BlackTeam "RUS"]
[WhiteClock "0:00:02"]
[BlackClock "0:00:06"]

1. d4 d5 2. Nf3 e6 3. c3 f5 4. Bg5 Nf6 5. Nbd2 Be7 6. e3 Ne4 7. Bxe7 Qxe7 8. Ne5 O-O 9. Ndf3 Bd7 10. Bd3 Be8 11. Qb3 c6 12. O-O Nd6 13. c4 Nd7 14. cxd5 exd5 15. Nxd7 Bxd7 16. Ne5 Be6 17. f4 Rab8 18. Qa3 a6 19. Rac1 Qd8 20. h3 Ne4 21. Bxe4 fxe4 22. Kh2 Rf6 23. Qc3 Qe8 24. g4 Rh6 25. f5 Bd7 26. Qe1 Qe7 27. Qg3 Rf8 28. a3 Bc8 29. Rf2 Rhf6 30. Rcf1 Qd8 31. b4 a5 32. Rb1 axb4 33. axb4 Qb6 34. Qg2 Qc7 35. Kh1 g6 36. Rg1 Kh8 37. Rgf1 gxf5 38. g5 Rd6 39. h4 Qg7 40. Qg3 Rdd8 41. Qf4 Be6 42. Rh2 Qe7 43. Rg1 Rg8 44. h5 Kg7 45. g6 h6 46. Rf2 Qf6 47. Rb2 Ra8 48. Rgg2 Ra3 49. Kh2 Rga8 50. b5 c5 51. dxc5 Rc8 52. c6 bxc6 53. bxc6 Ra7 54. Rb7+ Rc7 55. Rxa7 Rxa7 56. Rc2 Rc7 57. Ng4 fxg4 58. Kg2 Rc8 59. Qxf6+ Kxf6 60. Kg3 Ke5 61. Rf2 Rc7 62. Rf8 d4 63. exd4+ Kxd4 64. Re8 Ke5 65. g7 Rxg7 66. Re7 Rxe7 0-1